[Event "ICC tourney 2516 (60 10)"]
[Site "Internet Chess Club"]
[Date "2021.04.17"]
[Round "2"]
[White "ZHANG, MOHAN:momozhang"]
[Black "SINGH, JIYAN:mithu542"]
[Result "1-0"]
[ICCResult "Black checkmated"]
[WhiteElo "824"]
[BlackElo "575"]
[Opening "Scotch opening"]
[ECO "C44"]
[NIC "KP.10"]
[Time "13:17:56"]
[PlyCount "47"]
[TimeControl "3600+10"]

1. e4 e5 2. Nf3 Nc6 3. d4 d6 4. Bc4 Nf6 5. Nc3 Be6 6. Bxe6 fxe6 7. Bg5 Be7
8. Qd3 d5 9. dxe5 Nxe5 10. Nxe5 Qd6 11. O-O-O Qxe5 12. f4 dxe4 13. Qb5+ c6
14. Qxe5 O-O 15. Qxe6+ Rf7 16. Nxe4 Re8 17. Nxf6+ gxf6 18. Bh6 c5 19. Qg4+
Kh8 20. Qd7 b6 21. Qxe8+ Bf8 22. Qxf7 Bxh6 23. Rd8+ Bf8 24. Rxf8# { Black
checkmated } 1-0

[Event "ICC tourney 2516 (60 10)"]
[Site "Internet Chess Club"]
[Date "2021.04.17"]
[Round "2"]
[White "MARCAL, ZIVA:SpeyerZivaM"]
[Black "SHLISKY, CLARK:ClarkSps77"]
[Result "1-0"]
[ICCResult "Black checkmated"]
[WhiteElo "726"]
[BlackElo "950"]
[Opening "Giuoco Piano"]
[ECO "C54"]
[NIC "IG.02"]
[Time "13:18:01"]
[PlyCount "69"]
[TimeControl "3600+10"]

1. e4 e5 2. Nf3 Nc6 3. Bc4 Bc5 4. c3 Nf6 5. d3 h6 6. Nbd2 O-O 7. Nf1 d6 8.
Ng3 Bg4 9. O-O d5 10. exd5 Nxd5 11. h3 Be6 12. d4 exd4 13. cxd4 Bd6 14. Qb3
Bxg3 15. fxg3 a6 16. Qc2 Ndb4 17. Qc3 Bxc4 18. Qxc4 Qd6 19. Bf4 Qe7 20.
Rae1 Qd7 21. Re4 b5 22. Qc5 Nd3 23. Qc3 Nxf4 24. Rxf4 Ne7 25. Ne5 Qc8 26.
Rxf7 Rxf7 27. Rxf7 Nd5 28. Qc6 Qd8 29. Rd7 Qg5 30. Qxa8+ Kh7 31. Qxd5 Qe3+
32. Kh2 c6 33. Rxg7+ Kxg7 34. Qf7+ Kh8 35. Ng6# { Black checkmated } 1-0

[Event "ICC tourney 2516 (60 10)"]
[Site "Internet Chess Club"]
[Date "2021.04.17"]
[Round "2"]
[White "DUNIKOV, DAVID EUGENE:DavidNest"]
[Black "HILL, LEO M:LeoMessy"]
[Result "1-0"]
[ICCResult "Black checkmated"]
[WhiteElo "1230"]
[BlackElo "952"]
[Opening "KGD: Falkbeer counter-gambit"]
[ECO "C31"]
[NIC "KG.04"]
[Time "13:24:41"]
[PlyCount "55"]
[TimeControl "3600+10"]

1. e4 e5 2. f4 d5 3. exd5 Bc5 4. Nf3 e4 5. Ne5 Qxd5 6. c3 Bf5 7. Bc4 Qd6 8.
Nxf7 Qb6 9. Qe2 Bg1 10. d4 Kd7 11. Nxh8 Nc6 12. Rxg1 Re8 13. Nf7 Nf6 14. h3
h5 15. Ne5+ Nxe5 16. fxe5 Nh7 17. Qxh5 Rxe5 18. Qf7+ Kc6 19. Rf1 Ra5 20.
Rxf5 Rxf5 21. Qxf5 Nf6 22. d5+ Kc5 23. Be3+ Kxc4 24. Bxb6 cxb6 25. d6 Kd3
26. d7 Nxd7 27. Qxd7+ Ke3 28. Qd2# { Black checkmated } 1-0

[Event "ICC tourney 2516 (60 10)"]
[Site "Internet Chess Club"]
[Date "2021.04.17"]
[Round "2"]
[White "FERRAZZA, JOHN K:johnfza"]
[Black "LI, ANTHONY:AnthonyLi2017"]
[Result "0-1"]
[ICCResult "White checkmated"]
[WhiteElo "901"]
[BlackElo "682"]
[Opening "Sicilian: dragon, 6.Be3"]
[ECO "B72"]
[NIC "SI.16"]
[Time "13:18:12"]
[PlyCount "44"]
[TimeControl "3600+10"]

1. e4 c5 2. Nf3 d6 3. d4 cxd4 4. Nxd4 Nf6 5. Nc3 g6 6. Be3 Bg7 7. Qd2 a6 8.
O-O-O b5 9. Bd3 Ng4 10. Bg5 h6 11. Bh4 Bxd4 12. Bxb5+ axb5 13. Qxd4 O-O 14.
h3 Ne5 15. f4 Nbc6 16. Qd5 Be6 17. Qxb5 Bxa2 18. fxe5 Nxe5 19. Nxa2 Rxa2
20. g4 Qc7 21. g5 Nf3 22. Qb3 Ra1# { White checkmated } 0-1

[Event "ICC tourney 2516 (60 10)"]
[Site "Internet Chess Club"]
[Date "2021.04.17"]
[Round "2"]
[White "SKELCHER, OLIVER:oliverskelcher"]
[Black "Bartolini, Christian Joseph:Ninjastar16"]
[Result "0-1"]
[ICCResult "White resigns"]
[WhiteElo "778"]
[BlackElo "1258"]
[Opening "Giuoco Pianissimo"]
[ECO "C50"]
[NIC "IG.02"]
[Time "13:18:33"]
[PlyCount "60"]
[TimeControl "3600+10"]

1. e4 e5 2. Nf3 Nc6 3. Bc4 Bc5 4. d3 Nf6 5. Bg5 h6 6. Bxf6 Qxf6 7. Nc3 d6
8. Nd5 Qd8 9. h3 O-O 10. a3 Kh8 11. a4 f5 12. b4 Nxb4 13. Rb1 Nxd5 14. Bxd5
Bb6 15. Rb4 Ba5 16. c3 Bxb4 17. cxb4 c6 18. Bb3 fxe4 19. dxe4 Qf6 20. O-O
Be6 21. Bc2 d5 22. exd5 cxd5 23. Qd3 e4 24. Qe3 exf3 25. Qd3 Bf5 26. Qd2
Bxc2 27. Qxc2 Rac8 28. Qd3 Qg5 29. g4 Qh4 30. Qxd5 Qxh3 { White resigns }
0-1

[Event "ICC tourney 2516 (60 10)"]
[Site "Internet Chess Club"]
[Date "2021.04.17"]
[Round "2"]
[White "LIAO, CONNOR:che2468"]
[Black "ABDULLAH, AARIZ:onerider"]
[Result "1-0"]
[ICCResult "Black checkmated"]
[WhiteElo "1488"]
[BlackElo "1061"]
[Opening "Queen's pawn: Charlick (Englund) gambit"]
[ECO "A40"]
[NIC "QO.17"]
[Time "13:18:13"]
[PlyCount "87"]
[TimeControl "3600+10"]

1. d4 e5 2. dxe5 Nc6 3. Bf4 Qe7 4. Nf3 Qb4+ 5. Bd2 Qxb2 6. Nc3 Nb4 7. Rc1
c6 8. e3 Bc5 9. Bc4 b5 10. Bb3 Ne7 11. O-O O-O 12. a4 bxa4 13. Nxa4 Qa3 14.
Ra1 Qxa1 15. Qxa1 Ba6 16. Re1 Nbd5 17. Nxc5 Bc8 18. Bxd5 Nxd5 19. c4 Nc7
20. Bb4 f6 21. Ne4 Re8 22. Nd6 Re6 23. exf6 Rxf6 24. Nxc8 Rxc8 25. Qxa7 Ne6
26. Qxd7 Rd8 27. Qxc6 Nd4 28. Qc7 Nxf3+ 29. gxf3 Rg6+ 30. Kh1 Ra8 31. Rd1
h6 32. Rd8+ Rxd8 33. Qxd8+ Kh7 34. c5 Ra6 35. Qd2 Ra1+ 36. Kg2 Ra6 37. Qc2+
Rg6+ 38. Kf1 h5 39. c6 h4 40. c7 h3 41. c8=Q Kh6 42. Qxh3+ Kg5 43. Qc5+ Kf6
44. Qhf5# { Black checkmated } 1-0

[Event "ICC tourney 2516 (60 10)"]
[Site "Internet Chess Club"]
[Date "2021.04.17"]
[Round "2"]
[White "JING, ANDREW:andrewj508"]
[Black "SLABIN, LEO:LeoNYC"]
[Result "1-0"]
[ICCResult "Black checkmated"]
[WhiteElo "1325"]
[BlackElo "1004"]
[Opening "Owen defense"]
[ECO "B00"]
[NIC "VO.01"]
[Time "13:17:57"]
[PlyCount "71"]
[TimeControl "3600+10"]

1. e4 b6 2. d4 Bb7 3. Nc3 e6 4. Nf3 Bb4 5. Bd3 Nf6 6. Qe2 d5 7. e5 Ne4 8.
Bd2 Nxd2 9. Nxd2 Bxc3 10. bxc3 O-O 11. O-O Nd7 12. f4 c5 13. Qg4 c4 14. Be2
Re8 15. Rf3 Qe7 16. Rg3 f6 17. Rf1 Rf8 18. Rff3 Rf7 19. Qh3 f5 20. Rg5 Nf8
21. Rfg3 Ng6 22. Bh5 Nxf4 23. Bxf7+ Kf8 24. Qxh7 Ne2+ 25. Kf2 g6 26. Kxe2
Qxf7 27. Qxf7+ Kxf7 28. Rxg6 Rh8 29. Rg7+ Kf8 30. Rxb7 Rxh2 31. Rgg7 f4 32.
Rbf7+ Ke8 33. Rxa7 Kf8 34. Nf3 Rh6 35. Rgb7 Kg8 36. Rb8# { Black checkmated
} 1-0

[Event "ICC tourney 2516 (60 10)"]
[Site "Internet Chess Club"]
[Date "2021.04.17"]
[Round "2"]
[White "Ma, Dorothy:Rosey9"]
[Black "Lee, Jesse:rubblepup"]
[Result "0-1"]
[ICCResult "White checkmated"]
[WhiteElo "771"]
[BlackElo "1241"]
[Opening "Queen's pawn, Mason variation"]
[ECO "D00"]
[NIC "QP.08"]
[Time "13:18:46"]
[PlyCount "72"]
[TimeControl "3600+10"]

1. d4 d5 2. Bf4 e6 3. Nf3 c5 4. e3 Nc6 5. c3 Nf6 6. h3 Bd6 7. Ne5 Bxe5 8.
dxe5 Nd7 9. Bb5 O-O 10. Bxc6 bxc6 11. Nd2 Ba6 12. b3 Qa5 13. Qc2 Qb5 14. c4
dxc4 15. Nxc4 Qb4+ 16. Qd2 Bxc4 17. Qxb4 cxb4 18. bxc4 Rab8 19. O-O b3 20.
axb3 Rxb3 21. Rxa7 Nb6 22. Rb7 Rb2 23. c5 Nc4 24. Rxb2 Nxb2 25. Rb1 Nd3 26.
Rb6 Rc8 27. Kf1 Nxc5 28. Ke2 Ne4 29. Kf3 Nd2+ 30. Ke2 Nc4 31. Ra6 h6 32.
Kd3 Nb2+ 33. Kd4 c5+ 34. Ke4 c4 35. Kd4 c3 36. Ra2 Rc4# { White checkmated
} 0-1

[Event "ICC tourney 2516 (60 10)"]
[Site "Internet Chess Club"]
[Date "2021.04.17"]
[Round "2"]
[White "WANG, DEVIN V:DVWANG"]
[Black "Konzelmann, Lucas Joseph:Lkonzelmann"]
[Result "1-0"]
[ICCResult "Black resigns"]
[WhiteElo "1064"]
[BlackElo "751"]
[Opening "Ruy Lopez: old Steinitz defense"]
[ECO "C62"]
[NIC "RL.02"]
[Time "13:18:05"]
[PlyCount "81"]
[TimeControl "3600+10"]

1. e4 e5 2. Nf3 Nc6 3. Bb5 d6 4. d4 exd4 5. Nxd4 Bd7 6. Bxc6 Bxc6 7. Nxc6
bxc6 8. Qd4 Qe7 9. Qa4 Qd7 10. O-O Be7 11. Nc3 Nf6 12. Bg5 O-O 13. f4 c5
14. Qxd7 Nxd7 15. Bxe7 Rfe8 16. Bh4 Rab8 17. b3 f6 18. Rfe1 Rb4 19. a3 Rd4
20. Rad1 Nb6 21. a4 a5 22. Bf2 Rxd1 23. Rxd1 Nd7 24. Re1 h6 25. Nd5 c6 26.
Nc7 Rc8 27. Ne6 Kf7 28. f5 g6 29. h4 gxf5 30. exf5 Ne5 31. Bg3 Rg8 32. Bxe5
fxe5 33. Kf2 Kf6 34. Nc7 Kxf5 35. Re3 Rg4 36. Rf3+ Rf4 37. Rxf4+ exf4 38.
Kf3 h5 39. Ne8 d5 40. Ng7+ Kg6 41. Ne6 { Black resigns } 1-0

[Event "ICC tourney 2516 (60 10)"]
[Site "Internet Chess Club"]
[Date "2021.04.17"]
[Round "2"]
[White "Lam, Oliver H.Y.:OliverLam"]
[Black "PATHANGE, CIAN:Finemerryjuice"]
[Result "0-1"]
[ICCResult "White checkmated"]
[WhiteElo "448"]
[BlackElo "1125"]
[Opening "Caro-Kann defense"]
[ECO "B10"]
[NIC "CK.01"]
[Time "13:17:55"]
[PlyCount "94"]
[TimeControl "3600+10"]

1. e4 c6 2. Nf3 d5 3. d3 dxe4 4. dxe4 Qxd1+ 5. Kxd1 Bg4 6. Nd2 Nd7 7. Be2
e6 8. h3 Bh5 9. Bd3 Bc5 10. Ke2 Ne5 11. b3 O-O-O 12. Bb2 Nxd3 13. cxd3 f6
14. Rhe1 Ne7 15. Kf1 Rxd3 16. Rac1 Bb4 17. Re2 Rhd8 18. g4 Bg6 19. Rd1 Bxd2
20. Nxd2 Rxh3 21. Ree1 Rh1+ 22. Ke2 Rxe1+ 23. Kxe1 h5 24. gxh5 Bxh5 25. f3
Ng6 26. Rc1 Nf4 27. Rc3 Nd3+ 28. Kd1 Nxb2+ 29. Kc2 Kc7 30. Kxb2 Rxd2+ 31.
Rc2 Rxc2+ 32. Kxc2 Bxf3 33. Kd2 Bxe4 34. Ke3 Bb1 35. a3 g5 36. Kf3 f5 37.
Kg3 e5 38. Kf3 g4+ 39. Kg3 Bc2 40. Kf2 f4 41. Kg2 e4 42. Kf2 Bd3 43. Kg2 g3
44. Kg1 f3 45. b4 e3 46. a4 e2 47. b5 e1=R# { White checkmated } 0-1

[Event "ICC tourney 2516 (60 10)"]
[Site "Internet Chess Club"]
[Date "2021.04.17"]
[Round "2"]
[White "ROWLAND, NIKOLAS:ridikulous"]
[Black "CHUN, MATTHIAS:Benjimc77"]
[Result "1-0"]
[ICCResult "Black checkmated"]
[WhiteElo "1029"]
[BlackElo "753"]
[Opening "Ruy Lopez: old Steinitz defense"]
[ECO "C62"]
[NIC "RL.02"]
[Time "13:18:09"]
[PlyCount "65"]
[TimeControl "3600+10"]

1. e4 e5 2. Nf3 Nc6 3. Bb5 d6 4. c3 Bd7 5. Ba4 Nf6 6. Bc2 g6 7. d4 Bg7 8.
O-O O-O 9. Bg5 h6 10. Bh4 Bg4 11. h3 Bxf3 12. Qxf3 exd4 13. Rd1 dxc3 14.
Nxc3 Ne5 15. Qe2 Ned7 16. f4 Re8 17. Qb5 Nc5 18. e5 dxe5 19. Rxd8 Rexd8 20.
Qxc5 exf4 21. Qxc7 g5 22. Bf2 Rd7 23. Qc4 Re8 24. Rd1 Rde7 25. Bxa7 Ne4 26.
Nxe4 Rxe4 27. Bxe4 Bxb2 28. Bd4 Rxe4 29. Qc8+ Kh7 30. Qh8+ Kg6 31. Qg7+ Kh5
32. Qxf7+ Kh4 33. Bf2# { Black checkmated } 1-0

[Event "ICC tourney 2516 (60 10)"]
[Site "Internet Chess Club"]
[Date "2021.04.17"]
[Round "2"]
[White "Iyer, Akash:akashiyer2012"]
[Black "Wong, Kai Hei:kaiw49"]
[Result "0-1"]
[ICCResult "White checkmated"]
[WhiteElo "713"]
[BlackElo "917"]
[Opening "Giuoco Piano"]
[ECO "C54"]
[NIC "IG.02"]
[Time "13:18:11"]
[PlyCount "54"]
[TimeControl "3600+10"]

1. e4 e5 2. Nf3 Nc6 3. Bc4 Bc5 4. c3 Nf6 5. d4 exd4 6. cxd4 Bb4+ 7. Nc3
Nxe4 8. O-O Bxc3 9. bxc3 O-O 10. Qd3 d5 11. Bb3 Bf5 12. Ba3 Ng3 13. Qd2
Nxf1 14. Rxf1 Re8 15. Ng5 h6 16. Nh3 Qd7 17. Nf4 Rad8 18. Bxd5 Be6 19. Bxe6
fxe6 20. d5 exd5 21. Nxd5 Qxd5 22. Qc2 Qd2 23. Qb3+ Kh8 24. Qxb7 Re1 25. h3
Rxf1+ 26. Kh2 Qf4+ 27. g3 Qxf2# { White checkmated } 0-1

[Event "ICC tourney 2516 (60 10)"]
[Site "Internet Chess Club"]
[Date "2021.04.17"]
[Round "2"]
[White "KLEIN, EDEN LILY:edenlilyklein"]
[Black "PAWAR, AVIN A:PS33ChessNinja"]
[Result "0-1"]
[ICCResult "White checkmated"]
[WhiteElo "678"]
[BlackElo "879"]
[Opening "Two knights defense (Modern bishop's opening)"]
[ECO "C55"]
[NIC "IG.01"]
[Time "13:18:07"]
[PlyCount "60"]
[TimeControl "3600+10"]

1. e4 e5 2. Nf3 Nc6 3. Bc4 Nf6 4. d3 h6 5. Nc3 Bc5 6. Be3 Bb6 7. Qd2 O-O 8.
h3 d6 9. O-O-O Na5 10. Bb3 Nxb3+ 11. axb3 Re8 12. Bxh6 gxh6 13. Qxh6 Nh7
14. g4 Qf6 15. g5 Qxf3 16. g6 Nf6 17. g7 Qf4+ 18. Qxf4 exf4 19. Rdg1 Bxf2
20. Rg2 Be3+ 21. Kd1 Re5 22. h4 Bg4+ 23. Ke1 Bf3 24. Nd5 Nxd5 25. exd5 Bxg2
26. Rg1 Bxg1+ 27. Kd2 Be3+ 28. Ke2 f3+ 29. Ke1 f2+ 30. Ke2 f1=Q# { White
checkmated } 0-1

[Event "ICC tourney 2516 (60 10)"]
[Site "Internet Chess Club"]
[Date "2021.04.17"]
[Round "2"]
[White "LAVALLEE, ETHAN:FixedTooth"]
[Black "SPEDALIERI, JULIAN N:julians2012"]
[Result "0-1"]
[ICCResult "White checkmated"]
[WhiteElo "321"]
[BlackElo "1087"]
[Opening "Giuoco Pianissimo: Italian four knights variation"]
[ECO "C47"]
[NIC "KP.06"]
[Time "13:18:02"]
[PlyCount "78"]
[TimeControl "3600+10"]

1. e4 e5 2. Nf3 Nc6 3. Nc3 Nf6 4. Bc4 Bc5 5. d3 h6 6. Be3 Bb6 7. O-O O-O 8.
Nh4 d6 9. Qf3 Bd4 10. Qg3 Bxe3 11. fxe3 Kh7 12. Nf5 Bxf5 13. Rxf5 Ne7 14.
Rf3 Ng6 15. Raf1 Nh5 16. Qh3 Nf6 17. Ne2 c6 18. d4 Nxe4 19. Bxf7 Rxf7 20.
Rxf7 Ng5 21. Qf5 Nxf7 22. Qxf7 Qf8 23. Qxb7 Qe8 24. Rf7 Qg8 25. Ng3 exd4
26. exd4 Qe8 27. Re7 Nxe7 28. Nh5 Nf5 29. g4 Qe1+ 30. Kg2 Qe7 31. Qxa8 Nxd4
32. Qb8 Qe4+ 33. Kg3 Qe5+ 34. Kg2 Qe2+ 35. Kg3 Qe1+ 36. Kg2 Qe2+ 37. Kg3
Qf3+ 38. Kh4 Qg2 39. h3 Nf3# { White checkmated } 0-1

[Event "ICC tourney 2516 (60 10)"]
[Site "Internet Chess Club"]
[Date "2021.04.17"]
[Round "2"]
[White "Tsang, Brendan:BrendanBrave"]
[Black "SINGH, ADITYA VEER:avs12"]
[Result "0-1"]
[ICCResult "White checkmated"]
[WhiteElo "588"]
[BlackElo "855"]
[Opening "Giuoco Piano"]
[ECO "C50"]
[NIC "IG.02"]
[Time "13:18:17"]
[PlyCount "126"]
[TimeControl "3600+10"]

1. e4 e5 2. Nf3 Nc6 3. Bc4 Bc5 4. Nxe5 Nxe5 5. d4 Nxc4 6. dxc5 Nf6 7. Qd4
Na5 8. O-O O-O 9. Qe3 d6 10. cxd6 Qxd6 11. e5 Qc6 12. exf6 Qxf6 13. Bd2 Nc6
14. Bc3 Qe6 15. Qg3 Qg4 16. Qe3 Be6 17. h3 Qg6 18. Qf4 Rac8 19. Kh1 Bd5 20.
f3 Ne7 21. Rd1 Rfe8 22. Be5 Be6 23. Bd4 Rcd8 24. Nd2 Nf5 25. c3 Ng3+ 26.
Kh2 Ne2 27. Qe5 Bf5 28. Qxc7 Rd7 29. Qc4 h6 30. Re1 Bd3 31. Qa4 Qg3+ 32.
Kh1 Qf4 33. Qd1 Ng3+ 34. Kg1 Ne2+ 35. Kh1 Ng3+ 36. Kg1 Rxe1+ 37. Qxe1 Ne2+
38. Kh1 Re7 39. Bb6 Ng3+ 40. Kg1 Rxe1+ 41. Rxe1 axb6 42. Re8+ Kh7 43. Nb3
Nf1 44. Re7 Qh2+ 45. Kf2 Qg3+ 46. Kg1 Qg5 47. Rxf7 Ng3 48. Rxb7 Ne2+ 49.
Kf2 Qg3+ 50. Ke3 Bb5 51. Rxb6 Qe5+ 52. Kf2 Bc4 53. Rb4 Bxb3 54. Rxb3 Nc1
55. Rb4 Nd3+ 56. Kg1 Nxb4 57. cxb4 Qxb2 58. a4 Qxb4 59. a5 Qxa5 60. Kh2 g5
61. Kg3 h5 62. h4 Qe1+ 63. Kh3 Qxh4# { White checkmated } 0-1

[Event "ICC tourney 2516 (60 10)"]
[Site "Internet Chess Club"]
[Date "2021.04.17"]
[Round "2"]
[White "DORON-REPA, HILLEL:Hillel-2012"]
[Black "AHN, WILLIAM TK:kitook"]
[Result "0-1"]
[ICCResult "White checkmated"]
[WhiteElo "221"]
[BlackElo "789"]
[Opening "QGD: Cambridge Springs defense"]
[ECO "D52"]
[NIC "QO.15"]
[Time "13:17:55"]
[PlyCount "56"]
[TimeControl "3600+10"]

1. d4 d5 2. c4 e6 3. Nc3 Nf6 4. Bg5 Nbd7 5. Nf3 c6 6. e3 Qa5 7. Bd3 dxc4 8.
Bxc4 Ne4 9. Qd3 Nxg5 10. Nxg5 Qxg5 11. O-O Bd6 12. e4 e5 13. Nd1 exd4 14.
Qxd4 Be5 15. Qd3 Nc5 16. Qc2 Bh3 17. Ne3 Bf4 18. Kh1 Bxe3 19. fxe3 Be6 20.
Bxe6 fxe6 21. Qxc5 Qxc5 22. Rf3 Rf8 23. Kg1 Rxf3 24. gxf3 Qxe3+ 25. Kg2 Rd8
26. Rf1 Rd2+ 27. Kh3 Qh6+ 28. Kg4 Rg2# { White checkmated } 0-1

[Event "ICC tourney 2516 (60 10)"]
[Site "Internet Chess Club"]
[Date "2021.04.17"]
[Round "2"]
[White "VARMA, ANAY:anayvarma"]
[Black "KUMAR, VIHAN:bangingcuberyt"]
[Result "0-1"]
[ICCResult "White checkmated"]
[WhiteElo "879"]
[BlackElo "631"]
[Opening "Caro-Kann: classical variation"]
[ECO "B18"]
[NIC "CK.10"]
[Time "13:17:59"]
[PlyCount "152"]
[TimeControl "3600+10"]

1. e4 c6 2. d4 d5 3. Nc3 dxe4 4. Nxe4 Bf5 5. Ng3 Bg6 6. Nf3 e6 7. Bf4 h6 8.
Bc4 Nf6 9. O-O c5 10. Ne5 Bh7 11. c3 Nbd7 12. Bb5 Be7 13. Qb3 O-O 14. Bxd7
Nxd7 15. Qxb7 Nxe5 16. Bxe5 c4 17. Qf3 Bd3 18. Rfe1 Bd6 19. Bxd6 Qxd6 20.
Qg4 Rab8 21. Nh5 Bg6 22. Nf4 Bf5 23. Qh5 Qxf4 24. Re3 Qg5 25. Qxg5 hxg5 26.
Rg3 Rxb2 27. Rxg5 Rfb8 28. h3 Rb1+ 29. Rxb1 Rxb1+ 30. Kh2 Rb2 31. Kg3 Kh7
32. Kh4 Rxf2 33. g4 Bg6 34. Kg3 Rxa2 35. h4 f6 36. Rc5 Bd3 37. g5 fxg5 38.
Rxg5 Be4 39. Kf4 Bd3 40. Ke5 Re2+ 41. Kf4 Re4+ 42. Kf3 Rxh4 43. Re5 Rh3+
44. Kg4 Bf5+ 45. Kg5 Rxc3 46. Ra5 Rd3 47. Rxa7 Rxd4 48. Ra3 Rd3 49. Ra1 c3
50. Rc1 c2 51. Rxc2 Rg3+ 52. Kf4 Bxc2 53. Kxg3 Kg6 54. Kg4 e5 55. Kf3 Kf5
56. Ke3 e4 57. Kd4 Kf4 58. Kc3 e3 59. Kxc2 Kf3 60. Kd1 e2+ 61. Ke1 g5 62.
Kd2 Kf2 63. Kc3 e1=Q+ 64. Kc4 Qd2 65. Kc5 Qd3 66. Kc6 Qd4 67. Kc7 Qd5 68.
Kb6 Qc4 69. Kb7 Qc5 70. Kb8 Qc6 71. Ka7 Qb5 72. Ka8 Ke3 73. Ka7 Ke4 74. Ka8
Kd5 75. Ka7 Kc6 76. Ka8 Qb7# { White checkmated } 0-1

[Event "ICC tourney 2516 (60 10)"]
[Site "Internet Chess Club"]
[Date "2021.04.17"]
[Round "2"]
[White "MORDANI, AADIT:ironman31"]
[Black "TIPPA, ASWATH SRISAI:IGMin2023"]
[Result "1-0"]
[ICCResult "Black checkmated"]
[WhiteElo "1123"]
[BlackElo "865"]
[Opening "Queen's pawn, Mason variation"]
[ECO "D00"]
[NIC "QP.08"]
[Time "13:18:34"]
[PlyCount "79"]
[TimeControl "3600+10"]

1. d4 d5 2. Bf4 Nf6 3. e3 Bf5 4. c4 e6 5. Nc3 Be7 6. Qb3 b6 7. Nf3 O-O 8.
Ne5 Nfd7 9. Nxd7 Nxd7 10. cxd5 exd5 11. Nxd5 Be6 12. Bxc7 Qc8 13. Nxe7+ Kh8
14. Nxc8 Bxb3 15. axb3 Rfxc8 16. Bf4 Nf6 17. Ba6 Re8 18. Bb7 Rad8 19. Bc7
Rd7 20. Bc6 Rxc7 21. Bxe8 Nxe8 22. Kd2 Nf6 23. f3 a5 24. Rac1 Rd7 25. Rc8+
Ng8 26. Rhc1 h6 27. R1c7 Rxc7 28. Rxc7 f6 29. d5 Kh7 30. d6 Kg6 31. d7 Ne7
32. d8=Q Nf5 33. Qd3 Kg5 34. f4+ Kg4 35. h3+ Kg3 36. Qxf5 Kxg2 37. Qg4+ Kf2
38. Rc2 f5 39. Kd3+ Ke1 40. Qg1# { Black checkmated } 1-0

[Event "ICC tourney 2516 (60 10)"]
[Site "Internet Chess Club"]
[Date "2021.04.17"]
[Round "2"]
[White "PIEN, ALEXANDER:ayp2012"]
[Black "PANG, OWEN J:C31chessP"]
[Result "1-0"]
[ICCResult "Black checkmated"]
[WhiteElo "628"]
[BlackElo "887"]
[Opening "Caro-Kann: advance variation"]
[ECO "B12"]
[NIC "CK.04"]
[Time "13:17:56"]
[PlyCount "143"]
[TimeControl "3600+10"]

1. e4 c6 2. d4 d5 3. e5 Bf5 4. Nf3 e6 5. a3 Ne7 6. Bd3 h6 7. O-O Bxd3 8.
Qxd3 Ng6 9. Nc3 c5 10. Qb5+ Nd7 11. Qxb7 Be7 12. Qb5 O-O 13. Qd3 c4 14. Qe2
Nh4 15. Nxh4 Bxh4 16. g3 Bg5 17. Bxg5 Qxg5 18. f4 Qf5 19. Nb5 a6 20. Nd6
Qg6 21. f5 exf5 22. Rxf5 Nb6 23. Qh5 Qxh5 24. Rxh5 Nc8 25. Nxc8 Rb8 26. Nd6
Rxb2 27. c3 Rc2 28. Rf5 Rxc3 29. Rff1 Rd3 30. Rfd1 Rb3 31. Kf1 f5 32. e6
Rf6 33. e7 Rb8 34. e8=Q+ Rxe8 35. Nxe8 Re6 36. Re1 Rxe1+ 37. Rxe1 g5 38.
Re5 c3 39. Rxd5 c2 40. Rc5 c1=Q+ 41. Rxc1 f4 42. gxf4 gxf4 43. d5 Kf7 44.
Re1 f3 45. d6 f2 46. d7 fxe1=Q+ 47. Kxe1 Ke7 48. Nc7 Kxd7 49. Nxa6 Kc6 50.
Kf2 Kb6 51. Kf3 Kxa6 52. Kf4 Ka5 53. Kf5 Ka4 54. Kg6 Kxa3 55. h4 Kb4 56.
Kxh6 Kc5 57. Kg7 Kd5 58. h5 Ke6 59. h6 Ke7 60. h7 Kd7 61. h8=Q Kc7 62. Qe8
Kb7 63. Qd8 Ka6 64. Qc8+ Ka7 65. Qc4 Kb6 66. Kf6 Ka5 67. Ke6 Kb6 68. Kd6
Kb7 69. Qc5 Ka6 70. Qb4 Ka7 71. Kc6 Ka8 72. Qb7# { Black checkmated } 1-0

[Event "ICC tourney 2516 (60 10)"]
[Site "Internet Chess Club"]
[Date "2021.04.17"]
[Round "2"]
[White "YOON, JEREMY K:chessburger0220"]
[Black "Burton, Charles:NiceTractor"]
[Result "1-0"]
[ICCResult "Black checkmated"]
[WhiteElo "1235"]
[BlackElo "989"]
[Opening "Petrov's defense"]
[ECO "C42"]
[NIC "RG.03"]
[Time "13:18:46"]
[PlyCount "67"]
[TimeControl "3600+10"]

1. e4 e5 2. Nf3 Nf6 3. Nxe5 Qe7 4. Nf3 Nxe4 5. Be2 Nc6 6. d3 Nf6 7. Nc3 d5
8. d4 Bg4 9. Bg5 Bxf3 10. gxf3 h6 11. Bxf6 Qxf6 12. Nxd5 Qd6 13. Bc4 O-O-O
14. Qd3 Re8+ 15. Kd2 Nb4 16. Qf5+ Kb8 17. Qxf7 Rc8 18. c3 Nxd5 19. Qxd5
Qxd5 20. Bxd5 Rd8 21. Bb3 c5 22. d5 Be7 23. Rhe1 Bg5+ 24. Kc2 Rhe8 25. Rad1
Bh4 26. Rxe8 Rxe8 27. Rd2 Rf8 28. Rd3 b5 29. c4 bxc4 30. Bxc4 Bxf2 31. d6
Bd4 32. Rb3+ Kc8 33. Be6+ Kd8 34. Rb8# { Black checkmated } 1-0

[Event "ICC tourney 2516 (60 10)"]
[Site "Internet Chess Club"]
[Date "2021.04.17"]
[Round "2"]
[White "Peng, Terence:terecepps11"]
[Black "ROHRS, SOPHIE:RainbowQueen"]
[Result "0-1"]
[ICCResult "White checkmated"]
[WhiteElo "496"]
[BlackElo "809"]
[Opening "two knights defense"]
[ECO "C58"]
[NIC "KP.01"]
[Time "13:18:20"]
[PlyCount "52"]
[TimeControl "3600+10"]

1. e4 e5 2. Nf3 Nc6 3. Bc4 Nf6 4. Ng5 d5 5. exd5 Na5 6. b3 Nxc4 7. bxc4 Bd6
8. O-O O-O 9. d3 h6 10. Nf3 Bg4 11. h3 Bh5 12. Be3 e4 13. dxe4 Be5 14. Bd4
Bxd4 15. Qxd4 Bxf3 16. gxf3 Nh5 17. Kh2 Nf4 18. e5 Qh4 19. Qxf4 Qxf4+ 20.
Kh1 Qxf3+ 21. Kg1 Qxh3 22. Nd2 Rfe8 23. e6 fxe6 24. dxe6 Rxe6 25. Nf3 Rg6+
26. Ng5 Rxg5# { White checkmated } 0-1

[Event "ICC tourney 2516 (60 10)"]
[Site "Internet Chess Club"]
[Date "2021.04.17"]
[Round "2"]
[White "AYYAPPAN, SANTHOSH:SanthoshA"]
[Black "WANG, LUCAS RONG CHEN:MagnetAEM"]
[Result "1-0"]
[ICCResult "Black checkmated"]
[WhiteElo "1661"]
[BlackElo "1080"]
[Opening "Sicilian: Najdorf, 6...e6"]
[ECO "B95"]
[NIC "SI.04"]
[Time "13:18:00"]
[PlyCount "109"]
[TimeControl "3600+10"]

1. e4 c5 2. Nf3 d6 3. d4 cxd4 4. Nxd4 Nf6 5. Nc3 a6 6. Bg5 e6 7. Bd3 Be7 8.
O-O Nbd7 9. f4 Qb6 10. Ne2 e5 11. fxe5 dxe5 12. Be3 exd4 13. Bxd4 Qc6 14.
e5 Nd5 15. Be4 b5 16. Nf4 N7b6 17. Qf3 Bb7 18. Bxb6 Qxb6+ 19. Kh1 Nxf4 20.
Bxb7 Rb8 21. Qc6+ Qxc6 22. Bxc6+ Kf8 23. Rxf4 Bg5 24. Rf5 h6 25. Raf1 f6
26. g3 Rc8 27. Be4 Rd8 28. h4 Bd2 29. exf6 Rd7 30. fxg7+ Kxg7 31. Rd1 Re8
32. Bc6 Red8 33. Bxd7 Rxd7 34. Rf2 Rd6 35. Rfxd2 Rf6 36. Rd7+ Kg8 37. Rd8+
Kg7 38. R1d7+ Kg6 39. Rd6 Kf5 40. Rxf6+ Kxf6 41. Rd6+ Ke5 42. Rxa6 Kd5 43.
Rxh6 Kc5 44. g4 b4 45. g5 Kc4 46. g6 Kb5 47. g7 Kc4 48. g8=Q+ Kc5 49. Qg5+
Kc4 50. Rc6+ Kd4 51. Qf4+ Kd5 52. Rd6+ Kc5 53. Qd4+ Kb5 54. Rb6+ Ka5 55.
Qxb4# { Black checkmated } 1-0